 Dungeon Crawl Stone Soup version bcrawl-1.12-11-gb93c957c58 (webtiles) character file.

Game seed: 12486681693914277309

3843 Banto the Basher (level 10, -4/91 HPs)
             Began as a Sand Dwarf Skald on June 26, 2019.
             Was a Follower of Okawaru.
             Killed from afar by Psyche (7 damage)
             ... with a poison arrow
             ... on level 8 of the Dungeon.
             The game lasted 00:12:09 (9738 turns).

Banto the Basher (Sand Dwarf Skald)                 Turns: 9738, Time: 00:12:10

Health: -4/91      AC: 19    Str: 16    XL:     10   Next: 18%
Magic:  13/13      EV:  9    Int: 16    God:    Okawaru [*.....]
Gold:   370        SH:  3    Dex: 11    Spells: 4/13 levels left

rFire    + . .     SeeInvis .   a - +1 mace
rCold    . . .     Gourm    .   (shield restricted)
rNeg     . . .     Faith    .   q - +0 plate armour
rPois    .         Spirit   .   (helmet restricted)
rElec    .         Reflect  +   t - +0 cloak
rCorr    .         Harm     .   (no gloves)
MR       +....                  h - +1 pair of boots
Stlth    ..........             k - +3 amulet of reflection
HPRegen  0.25/turn              r - ring of protection from fire
MPRegen  0.13/turn              (no ring)

@: lethally poisoned (-4 -> -55), hasted, invisible, quick
A: small, antennae 1, thin metallic scales 1, slowness 1, sturdy frame 1, armour
attunement
a: Heroism, Renounce Religion


You were on level 8 of the Dungeon.
You worshipped Okawaru.
Okawaru was aware of your devotion.
You were not hungry.

You visited 2 branches of the dungeon, and saw 9 of its levels.

You collected 370 gold pieces.

Inventory:

Hand Weapons
 a - a +1 mace (weapon)
 w - a +0 lajatang
Armour
 h - a +1 pair of boots (worn)
 q - a +0 plate armour (worn)
 t - a +0 cloak (worn)
 y - a +2 buckler
 B - a +2 ring mail of poison resistance
Jewellery
 k - a +3 amulet of reflection (around neck)
 r - a ring of protection from fire (left hand)
Wands
 m - a wand of enslavement (4)
 x - a wand of acid (7)
 z - a wand of random effects (3)
Scrolls
 b - a scroll of immolation
 d - 2 scrolls of fear
 o - a scroll of enchant weapon
 p - a scroll of magic mapping
 u - 3 scrolls of remove curse
Potions
 c - 2 potions of mutation
 e - 3 potions of flight
 g - a potion of might {unknown}
 i - a potion of agility {unknown}
 j - 2 potions of lignification
 l - a potion of invisibility
 n - a potion of curing {unknown}
 s - a potion of degeneration {unknown}
 v - a potion of brilliance {unknown}
Comestibles
 f - 11 rations {!d}
 A - 4 chunks of flesh


   Skills:
 + Level 9.0 Fighting
 - Level 14.0 Maces & Flails
 + Level 8.7 Armour
 - Level 1.5 Dodging
 - Level 2.0 Spellcasting
 - Level 3.0 Charms


You had 4 spell levels left.
You knew the following spells:

 Your Spells              Type           Power        Failure   Level  Hunger
a - Infusion              Chrm           ##......     6%          1    #......
b - Song of Slaying       Chrm           ##......     9%          2    ###....
c - Regeneration          Chrm/Necr      #.........   32%         3    ###....
d - Spectral Weapon       Hex/Chrm       #.......     32%         3    ###....

Your spell library contained the following spells:

 Spells                   Type           Power        Failure   Level  Hunger
 Ozocubu's Armour         Chrm/Ice       #.......     32%         3    ###....


Dungeon Overview and Level Annotations

Branches:
Dungeon (8/12)             Temple (1/1) D:6
   Lair: D:7-10         Orc: D:8-11

Altars:
Ashenzari
Cheibriados
Dithmenos
Elyvilon
Fedhas
Gozag
Hepliaklqana
Kikubaaqudgha
Lugonu
Makhleb
Nemelex Xobeh
Okawaru
Qazlal
Ru
Sif Muna
Trog
Uskayaw
Vehumet
Wu Jian
Xom
Yredelemnul
Zin
The Shining One

Annotations:
D:2 1 runed door
D:4 1 runed translucent door, CALLOUS's ghost, amateur TrEn; Dowan; Duvessa
D:8 Psyche


Innate Abilities, Weirdness & Mutations

You are small and have problems with some larger weapons.
You cover ground slowly.
Armour does not affect your spellcasting.
You have a pair of small antennae on your head.
You are partially covered in thin metallic scales. (AC +2)
Your movements are slightly less encumbered by armour. (ER -2)


Message History

Psyche is severely wounded.
You feel sick.
Psyche points at you and mumbles some strange words.
You resist with some effort.
You completely miss Psyche.
Psyche is severely wounded.
You feel sick. Psyche casts a spell at you. The poison arrow hits you!
You are lethally poisoned!
* * * LOW HITPOINT WARNING * * *
Okay, then.
It was a potion of invisibility.
You fade into invisibility!
* * * LOW HITPOINT WARNING * * *
You feel sick. Psyche gestures at you while chanting.
The poison arrow hits you!
You are more poisoned.
You die...

#.........[........
##...###########...
###.# ##.#
#.########## ###
#.##.......#
#.##.#####.#
.########.##.# #.#
..........##<# #.#
.......@@.##.# #.#
#########)##.# #.#
#)##.# #.# #)##.#
#.# #.##.# #.#####
#@##.# #......
#.##.# ####### #.#
...


You could see Psyche.

Vanquished Creatures
  Pikel (D:7)
  Joseph (D:7)
  Grinder (D:3)
  A troll (D:7)
  2 hippogriffs (D:6)
  Menkaure (D:6)
  An orc warrior (D:6)
  3 sky beasts
  2 slaves (D:7)
  An ice beast (D:7)
  2 ogres (D:5)
  3 centaurs
  A big kobold (D:6)
  A gnoll sergeant (D:8)
  2 scorpions
  3 wights (D:5)
  A howler monkey (D:5)
  4 crimson imps
  4 hounds
  2 bullfrog skeletons
  A jelly (D:7)
  2 orc wizards
  An iguana (D:6)
  9 worker ants
  7 gnolls
  6 adders
  An adder skeleton (D:7)
  6 worms
  A dart slug (D:3)
  4 leopard geckos
  21 orcs
  3 giant cockroaches
  9 goblins
  7 hobgoblins
  16 jackals
  2 quokkas
  2 ball pythons
  9 bats
  3 frilled lizards
  A jackal skeleton (D:4)
  15 kobolds
  A leopard gecko skeleton (D:5)
  A leopard gecko zombie (D:4)
  4 rats
169 creatures vanquished.

Vanquished Creatures (collateral kills)
  An orc wizard (D:6)
  An orc (D:6)
2 creatures vanquished.

Vanquished Creatures (others)
  An ogre (D:6)
  2 slaves (D:7)
  A hound (D:7)
  An orc wizard (D:7)
  2 orcs (D:7)
7 creatures vanquished.

Grand Total: 178 creatures vanquished

Notes
Turn   | Place    | Note
-------+----------+-------------------------------------------
     0 | D:1      | Banto the Sand Dwarf Skald began the quest for the Orb.
     0 | D:1      | Reached XP level 1. HP: 18/18 MP: 3/3
   187 | D:1      | Reached XP level 2. HP: 19/25 MP: 5/5
   447 | D:1      | Reached skill level 4 in Maces & Flails
   534 | D:1      | Reached XP level 3. HP: 30/30 MP: 6/6
   876 | D:2      | Reached XP level 4. HP: 32/38 MP: 7/7
   977 | D:2      | Reached skill level 5 in Maces & Flails
  1674 | D:2      | Found a runed door.
  2050 | D:3      | Reached XP level 5. HP: 38/46 MP: 8/8
  2189 | D:3      | Noticed Grinder
  2206 | D:3      | Paralysed by Grinder for 2 turns
  2220 | D:3      | Paralysed by Grinder for 3 turns
  2522 | D:3      | Killed Grinder
  2522 | D:3      | Reached skill level 7 in Maces & Flails
  2522 | D:3      | Reached XP level 6. HP: 37/53 MP: 9/9
  2762 | D:3      | Found a faded altar of an unknown god.
  3094 | D:3      | Reached XP level 7. HP: 60/60 MP: 10/10
  3450 | D:4      | Reached skill level 8 in Maces & Flails
  3582 | D:4      | Found a deep blue altar of Sif Muna.
  3583 | D:4      | Found a hide-covered altar of Uskayaw.
  3672 | D:4      | Reached skill level 5 in Fighting
  3695 | D:4      | Found a runed translucent door.
  3699 | D:4      | Noticed CALLOUS's ghost (amateur TrEn)
  3715 | D:4      | Noticed Duvessa
  3715 | D:4      | Noticed Dowan
  4098 | D:5      | Entered Level 5 of the Dungeon
  4440 | D:5      | Learned a level 2 spell: Song of Slaying
  4444 | D:5      | Learned a level 3 spell: Regeneration
  4448 | D:5      | Learned a level 3 spell: Spectral Weapon
  4625 | D:5      | Reached skill level 9 in Maces & Flails
  4937 | D:5      | Reached skill level 5 in Armour
  4998 | D:5      | Reached XP level 8. HP: 22/70 MP: 11/11
  5947 | D:4      | Reached skill level 10 in Maces & Flails
  6937 | D:6      | Reached skill level 11 in Maces & Flails
  6956 | D:6      | HP: 1/71 [sky beast (6)]
  6957 | D:6      | Gained mutation: You are dopey. (Int -2) [potion of
                  | mutation]
  6957 | D:6      | Gained mutation: You are partially covered in large bone
                  | plates. (SH +4) [potion of mutation]
  6990 | D:6      | Reached XP level 9. HP: 27/79 MP: 12/12
  7040 | D:6      | Found a staircase to the Ecumenical Temple.
  7082 | D:6      | Lost mutation: You are partially covered in large bone
                  | plates. (SH +4) [potion of mutation]
  7082 | D:6      | Lost mutation: You are dopey. (Int -2) [potion of mutation]
  7082 | D:6      | Gained mutation: Your movements are slightly less
                  | encumbered by armour. (ER -2) [potion of mutation]
  7082 | D:6      | Gained mutation: You have a pair of small antennae on your
                  | head. [potion of mutation]
  7082 | D:6      | Gained mutation: You are partially covered in thin metallic
                  | scales. (AC +2) [potion of mutation]
  7481 | D:6      | Reached skill level 12 in Maces & Flails
  7748 | D:6      | Noticed Menkaure
  7762 | D:6      | Killed Menkaure
  8067 | Temple   | Entered the Ecumenical Temple
  8149 | Temple   | Became a worshipper of Warmaster Okawaru
  8265 | D:7      | Noticed Joseph
  8579 | D:7      | Noticed a troll
  8608 | D:7      | Killed a troll
  9064 | D:7      | Noticed Pikel
  9093 | D:7      | Killed Pikel
  9093 | D:7      | Reached skill level 13 in Maces & Flails
  9170 | D:7      | Reached XP level 10. HP: 87/90 MP: 13/13
  9264 | D:7      | Reached * piety under Okawaru
  9503 | D:7      | Killed Joseph
  9503 | D:7      | Reached skill level 14 in Maces & Flails
  9708 | D:8      | Noticed Psyche
  9738 | D:8      | HP: 3/91 [poisoned by Psyche (poison arrow)]
  9738 | D:8      | Killed from afar by Psyche

Skill      XL: |  1  2  3  4  5  6  7  8  9 10 |
---------------+-------------------------------+-----
Maces & Flails | 4 5 7 9 11 13 14 | 14.0
Armour         | 2 3 4 5 6 8 |  8.7
Fighting       | 3 4 5 7 8 9 |  9.0
Dodging        | |  1.5
Spellcasting   | |  2.0
Charms         | |  3.0

Action                   |  1- 3 |  4- 6 |  7- 9 | 10-12 || total
-------------------------+-------+-------+-------+-------++-------
Melee: Mace              |   135 |   221 |   533 |   114 ||  1003
 Cast: Infusion          |       |       |     2 |       ||     2
       Spectral Weapon   |       |       |     1 |       ||     1
Evoke: Wand              |       |     7 |    11 |       ||    18
  Use: Scroll            |       |     6 |     3 |     1 ||    10
       Potion            |       |     1 |     5 |     1 ||     7
  Eat: Chunk             |       |     8 |    12 |     2 ||    22
       Ration            |       |       |     3 |       ||     3
Armor: Scale mail        |    68 |   117 |     5 |       ||   190
       Leather armour    |     2 |       |    92 |       ||    94
       Skin              |       |       |    12 |       ||    12
       Plate armour      |       |       |    40 |    48 ||    88
Dodge: Dodged            |    98 |   168 |   326 |    27 ||   619
Block: Other             |       |       |    17 |     6 ||    23
       Reflection        |       |       |     3 |       ||     3
